[Event "Titled Tuesday Blitz December 20 Early 2022"]
[White "Lasinika, M M D"]
[Black "Calzadilla De la Cruz, Maray"]
[WhiteFideId "9974555"]
[BlackFideId "3509770"]
[WhiteElo "1072"]
[BlackElo "1994"]
[Result "1-0"]
[Round "08"]
[TimeControl "180+2"]
[Date "2022.12.20"]
[WhiteClock "0:00:19"]
[BlackClock "0:00:51"]

1. e4 c6 2. d4 d5 3. exd5 cxd5 4. Nf3 Nf6 5. c3 Nc6 6. Be2 Bf5 7. O-O e6 8. Re1 Bd6 9. Bg5 O-O 10. Nbd2 h6 11. Bh4 Be7 12. Bxf6 Bxf6 13. Nf1 Rb8 14. Ng3 Bg6 15. Bd3 Bxd3 16. Qxd3 b5 17. a3 a5 18. Nh5 Qe7 19. Re3 b4 20. Nf4 Qd6 21. Nh5 Qe7 22. axb4 axb4 23. h3 Ra8 24. Rae1 bxc3 25. bxc3 Rfb8 26. Nf4 Qd6 27. Ne5 Ne7 28. Nh5 Nf5 29. Rf3 Bxe5 30. dxe5 Qa6 31. Qd2 Qc4 32. Rf4 Qa2 33. Qd1 Qb2 34. Qg4 g6 35. Nf6+ Kg7 36. Nxd5 Ra1 37. Rxa1 Qxa1+ 38. Kh2 Rb1 39. Rxf5 exf5 40. Qd4 Rh1+ 41. Kg3 Rd1 42. Qc5 Qc1 43. e6 Qg5+ 44. Kh2 f4 45. exf7 Kxf7 46. Qc7+ Ke6 47. Nxf4+ Kf5 48. g3 Qd8 49. Qf7+ Ke4 50. Qxg6+ Kf3 51. Qg4+ Ke4 52. Nd5+ 1-0


[Site "https://www.chess.com"]

[Event "Titled Tuesday Blitz December 20 Early 2022"]
[White "LileKoridze"]
[Black "vladoboch"]
[WhiteElo "2345"]
[BlackElo "2445"]
[Result "0-1"]
[Round "08"]
[TimeControl "180+2"]
[Date "2022.12.20"]
[WhiteClock "0:00:41"]
[BlackClock "0:00:03"]

1. d4 Nf6 2. c3 g6 3. Nf3 Bg7 4. Qc2 O-O 5. e4 d6 6. h3 c5 7. Nbd2 Nc6 8. a3 a6 9. d5 Ne5 10. Nxe5 dxe5 11. Nf3 Ne8 12. Be3 Qc7 13. Bc4 Nd6 14. Ba2 f5 15. Nd2 f4 16. Bxc5 Qxc5 17. O-O f3 18. Nxf3 Rxf3 19. gxf3 Bxh3 20. Rfe1 Rf8 21. Qe2 Rf4 22. Kh2 Bd7 23. Kg3 Qc8 24. Rh1 Qf8 25. c4 Qf6 26. Kg2 Nxe4 27. fxe4 Bg4 28. Qe3 Bf3+ 29. Kf1 Bxh1 30. c5 Bxe4 31. d6+ e6 32. d7 Bc6 33. Bxe6+ Kf8 34. Rd1 Qd8 35. Qd2 Rd4 36. Qe3 Rxd1+ 37. Ke2 Bxd7 38. Qf3+ Bf6 39. Bd5 Rxd5 40. b4 Bb5+ 41. Ke3 Rd3+ 42. Ke2 Rd2+ 43. Ke1 e4 44. Qg4 Re2+ 45. Kf1 Re3+ 46. Kg2 Rf3 47. Qxe4 Bc6 48. Qxc6 bxc6 0-1


[Site "https://www.chess.com"]

[Event "Titled Tuesday Blitz December 20 Early 2022"]
[White "Lim, Seng Hoo"]
[Black "JoliyRoger"]
[WhiteFideId "5800021"]
[WhiteElo "2440"]
[BlackElo "2429"]
[Result "1-0"]
[Round "08"]
[TimeControl "180+2"]
[Date "2022.12.20"]
[WhiteClock "0:00:31"]
[BlackClock "0:00:02"]

1. d4 Nf6 2. c4 e6 3. Nc3 Bb4 4. e3 c5 5. dxc5 Na6 6. Nf3 Nxc5 7. Qc2 b6 8. Be2 Bb7 9. O-O Bxc3 10. Qxc3 O-O 11. b3 Rc8 12. Bb2 d5 13. Rfd1 Qe7 14. cxd5 Bxd5 15. Qe5 Qb7 16. Rac1 Nce4 17. Nd4 h6 18. f3 Nc5 19. e4 Bc6 20. Nxc6 Rxc6 21. Qg3 Nh5 22. Qh4 g6 23. g4 Nf4 24. Bf1 Ncd3 25. Bxd3 Rxc1 26. Bxc1 Nxd3 27. Rxd3 Qc7 28. Bxh6 1-0


[Site "https://www.chess.com"]

[Event "Titled Tuesday Blitz December 20 Early 2022"]
[White "Lion-Al-Messi"]
[Black "von Klitzing, Ole"]
[BlackFideId "34618821"]
[WhiteElo "2520"]
[BlackElo "1564"]
[Result "0-1"]
[Round "08"]
[TimeControl "180+2"]
[Date "2022.12.20"]
[WhiteClock "0:00:19"]
[BlackClock "0:01:02"]

1. e4 g6 2. d4 Bg7 3. Nc3 d6 4. Be3 a6 5. Qd2 b5 6. h4 h6 7. h5 g5 8. g3 Bb7 9. Bg2 Nd7 10. f4 Ngf6 11. fxg5 hxg5 12. Bxg5 Nxh5 13. Nge2 Nhf6 14. Rxh8+ Bxh8 15. O-O-O b4 16. Nd5 e6 17. Nxf6+ Bxf6 18. Bf4 a5 19. g4 Qe7 20. Ng3 O-O-O 21. Qe2 e5 22. Nf5 Qe8 23. g5 exf4 24. gxf6 Nxf6 25. e5 dxe5 26. Bxb7+ Kxb7 27. dxe5 Rxd1+ 28. Kxd1 Qd7+ 29. Qd3 Qxd3+ 30. cxd3 Ng4 31. d4 c5 32. Nd6+ Kc6 33. Nxf7 cxd4 34. Ke2 Kd5 35. Nd8 Nxe5 36. Nb7 a4 37. Na5 f3+ 38. Kf2 Ke4 39. Nb7 Nd3+ 40. Kf1 Nxb2 41. Nd6+ Kd5 42. Kf2 Kxd6 0-1


[Site "https://www.chess.com"]

[Event "Titled Tuesday Blitz December 20 Early 2022"]
[White "Liyanage, Ranindu Dilshan"]
[Black "Rakhmanov_Aleksandr"]
[WhiteFideId "9915834"]
[WhiteElo "2342"]
[BlackElo "2797"]
[Result "0-1"]
[Round "08"]
[TimeControl "180+2"]
[Date "2022.12.20"]
[WhiteClock "0:00:02"]
[BlackClock "0:00:15"]

1. e4 c5 2. Nc3 Nc6 3. Bb5 Nd4 4. Bc4 e6 5. Nge2 Ne7 6. O-O Nec6 7. d3 Be7 8. f4 a6 9. a3 O-O 10. Ba2 b5 11. Nxd4 Nxd4 12. Be3 d6 13. Ne2 Nxe2+ 14. Qxe2 d5 15. f5 d4 16. Bd2 exf5 17. exf5 Bb7 18. Rae1 Bh4 19. Qg4 Bxe1 20. f6 g6 21. Bxe1 Re8 22. Bg3 Re3 23. Bf4 Qe8 24. Bxe3 Qxe3+ 25. Kh1 c4 26. dxc4 Re8 27. cxb5 Qf2 28. Bc4 Re1 29. Bxf7+ Kf8 0-1


[Site "https://www.chess.com"]

[Event "Titled Tuesday Blitz December 20 Early 2022"]
[White "Mac Intyre, Paul"]
[Black "Jasko, Pavel"]
[WhiteFideId "2014505"]
[BlackFideId "980463"]
[WhiteElo "2246"]
[BlackElo "1693"]
[Result "0-1"]
[Round "08"]
[TimeControl "180+2"]
[Date "2022.12.20"]
[WhiteClock "0:00:01"]
[BlackClock "0:00:45"]

1. c4 c6 2. Nc3 d5 3. e3 Nf6 4. Nf3 a6 5. b3 Bg4 6. Be2 e6 7. Bb2 Be7 8. h3 Bxf3 9. Bxf3 Nbd7 10. O-O O-O 11. Qe2 Ne5 12. d4 Nxf3+ 13. Qxf3 b5 14. Rac1 bxc4 15. bxc4 Rb8 16. Rc2 Qa5 17. Ba1 Rb4 18. cxd5 cxd5 19. g4 Rc4 20. Rfc1 Rfc8 21. Qe2 Ba3 22. Rb1 g6 23. Rb3 Bb4 24. Qd3 Ne4 25. Nxe4 Rxc2 26. Nf6+ Kg7 27. g5 Rc1+ 28. Kg2 Rxa1 29. e4 dxe4 30. Qg3 Be7 31. Rb7 Bxf6 32. gxf6+ Kxf6 33. Qf4+ Qf5 0-1


[Site "https://www.chess.com"]

[Event "Titled Tuesday Blitz December 20 Early 2022"]
[White "Machidon, Cristi"]
[Black "Carvalho, Heracles Elieser"]
[WhiteFideId "13904590"]
[BlackFideId "22751114"]
[WhiteElo "2279"]
[BlackElo "1895"]
[Result "1-0"]
[Round "08"]
[TimeControl "180+2"]
[Date "2022.12.20"]
[WhiteClock "0:00:37"]
[BlackClock "0:00:19"]

1. Nf3 d5 2. g3 Nf6 3. Bg2 Bf5 4. c4 dxc4 5. Na3 c6 6. Nxc4 Nbd7 7. O-O e6 8. d3 Be7 9. Bf4 O-O 10. Nd6 Nd5 11. Nxf5 exf5 12. Bd2 Bf6 13. Rb1 Re8 14. e3 a5 15. a3 Qb6 16. Qc2 Nc5 17. d4 Ne4 18. Be1 g6 19. Nd2 Nd6 20. Qb3 Qd8 21. Bxd5 cxd5 22. Qxd5 Ne4 23. Qxd8 Rexd8 24. Nxe4 fxe4 25. Rc1 Rac8 26. Bxa5 Rxc1 27. Rxc1 Rd7 28. Rc7 Rd5 29. Bc3 Rb5 30. a4 Rb3 31. Kf1 Kf8 32. Ke2 Ke8 33. Kd2 Bd8 34. Rc5 f6 35. Kc2 Rb6 36. Rc8 Kd7 37. Rxd8+ Kxd8 38. Ba5 Kc7 39. Kc3 Kc6 40. d5+ Kc5 41. Bxb6+ Kxb6 42. b4 1-0


[Site "https://www.chess.com"]

[Event "Titled Tuesday Blitz December 20 Early 2022"]
[White "Makswolf200817"]
[Black "MatthewG-p4p"]
[WhiteElo "2651"]
[BlackElo "2825"]
[Result "0-1"]
[Round "08"]
[TimeControl "180+2"]
[Date "2022.12.20"]
[WhiteClock "0:00:07"]
[BlackClock "0:00:05"]

1. d4 Nf6 2. c4 c5 3. d5 e6 4. Nc3 exd5 5. cxd5 d6 6. g3 g6 7. Bg2 Bg7 8. Nf3 O-O 9. O-O a6 10. a4 Re8 11. Bf4 Bf5 12. Nh4 Bg4 13. Qd2 Nh5 14. Bg5 Qc7 15. h3 Bc8 16. Rfe1 Nd7 17. e4 Rb8 18. Nf3 b5 19. axb5 axb5 20. Bf1 b4 21. Nb5 Qb6 22. g4 Nhf6 23. Bf4 Nxe4 24. Rxe4 Rxe4 25. Nxd6 Rxf4 26. Qxf4 Nf6 27. Rd1 Qc7 28. Qe5 Bd7 29. Nc4 Qxe5 30. Nfxe5 Ba4 31. Ra1 Bb5 32. d6 Rd8 33. Ra5 Bxc4 34. Nxc4 Ne4 35. b3 Nxd6 36. Rxc5 Ne4 37. Rb5 Bd4 38. Ne3 Re8 39. Rxb4 Bc5 40. Rc4 Ba7 41. Nd1 Nd2 42. Rc2 Nf3+ 43. Kh1 Re1 44. Rc8+ Kg7 45. Kg2 Nh4+ 46. Kg3 Rxf1 47. Ne3 Bxe3 48. fxe3 g5 49. Rc3 Rf3+ 50. Kh2 Rf2+ 51. Kg1 Rb2 52. e4 Kf6 0-1


[Site "https://www.chess.com"]

[Event "Titled Tuesday Blitz December 20 Early 2022"]
[White "Manish Anto Cristiano F"]
[Black "Mohammed, Dilshad"]
[WhiteFideId "25095927"]
[BlackFideId "5050421"]
[WhiteElo "2485"]
[BlackElo "2103"]
[Result "0-1"]
[Round "08"]
[TimeControl "180+2"]
[Date "2022.12.20"]
[WhiteClock "0:02:14"]
[BlackClock "0:02:47"]

1. d4 d5 2. c4 e6 3. Nf3 c5 4. cxd5 exd5 5. Nc3 Nc6 6. g3 Bg4 7. Bg2 Nf6 8. Be3 Bxf3 9. Bxf3 cxd4 10. Bxd4 Bb4 11. O-O Bxc3 12. bxc3 O-O 13. Rb1 b6 14. Qa4 Nxd4 15. Qxd4 Rc8 16. Rfd1 Qe7 17. Bxd5 Nxd5 18. Qc5 Rxc5 0-1


[Site "https://www.chess.com"]

[Event "Titled Tuesday Blitz December 20 Early 2022"]
[White "MartinMatthiesen"]
[Black "EdgePlosion"]
[WhiteElo "2497"]
[BlackElo "2420"]
[Result "1/2-1/2"]
[Round "08"]
[TimeControl "180+2"]
[Date "2022.12.20"]
[WhiteClock "0:00:15"]
[BlackClock "0:00:08"]

1. d4 Nf6 2. c4 g6 3. Nc3 Bg7 4. e4 d6 5. Nf3 O-O 6. Be2 e5 7. d5 a5 8. Bg5 h6 9. Bh4 Na6 10. O-O Bd7 11. Nd2 Qe8 12. b3 Nxe4 13. Ncxe4 f5 14. Bd3 fxe4 15. Nxe4 Bf5 16. f3 Nc5 17. Nxc5 dxc5 18. Be4 Bxe4 19. fxe4 Rf4 20. Qe1 Qf7 21. Bf2 b6 22. Be3 Rxf1+ 23. Qxf1 Qxf1+ 24. Rxf1 a4 25. Rf2 axb3 26. axb3 Ra3 27. Rb2 Kf7 28. Kf2 Ke7 29. Ke2 Ra1 30. b4 cxb4 31. c5 bxc5 32. Bxc5+ Kd7 33. Bxb4 Bf6 34. Bd2 Ra4 35. Kf3 Ra3+ 36. Ke2 Ra4 37. Rb4 Ra2 38. Kd3 Bh4 39. g3 Be7 40. Rb8 Bc5 41. Rg8 g5 42. Rg6 Ra3+ 43. Kc4 Bd4 44. Rxh6 Ra2 45. Bb4 Rc2+ 46. Kb5 Rb2 47. Rh7+ Kc8 48. Kc4 Rc2+ 49. Kb3 Rb2+ 50. Ka3 Re2 51. Rg7 Rxe4 52. Rxg5 Re2 53. h4 e4 54. h5 e3 55. Rg8+ Kb7 56. Re8 Rh2 57. g4 Rh4 58. Re4 Bb6 59. d6 cxd6 60. Bxd6 Rh3 61. Kb4 Kc6 62. Be5 Rh2 63. Bd4 Bxd4 64. Rxd4 e2 65. Re4 Kd5 66. Re8 Rg2 67. h6 Rxg4+ 68. Kc3 Rh4 69. Rd8+ Ke6 70. Re8+ Kf7 71. Rxe2 Rxh6 72. Kd4 Rd6+ 73. Ke3 Re6+ 74. Kf2 Rxe2+ 75. Kxe2 1/2-1/2


[Site "https://www.chess.com"]

[Event "Titled Tuesday Blitz December 20 Early 2022"]
[White "Martinez Ramirez, Lennis"]
[Black "Chessmissile07"]
[WhiteFideId "3509079"]
[WhiteElo "2426"]
[BlackElo "2730"]
[Result "0-1"]
[Round "08"]
[TimeControl "180+2"]
[Date "2022.12.20"]
[WhiteClock "0:00:21"]
[BlackClock "0:00:13"]

1. Nf3 Nf6 2. c4 g6 3. d4 Bg7 4. Nc3 O-O 5. e4 d6 6. h3 c5 7. d5 e6 8. Be2 exd5 9. exd5 Re8 10. O-O a6 11. Re1 Bf5 12. Nh4 Bd7 13. Bd3 Rxe1+ 14. Qxe1 Ne8 15. Nf3 Nc7 16. Bf4 Bf8 17. a4 a5 18. Ne4 Bf5 19. Qc3 Bxe4 20. Bxe4 Nba6 21. Re1 Qd7 22. Re3 Qxa4 23. Ng5 Re8 24. Qf6 Qd7 25. Nf3 Qd8 26. Qc3 Nb4 27. Bg5 Be7 28. Bh6 Bf6 29. Qd2 b5 30. cxb5 Nxb5 31. h4 Nd4 32. Nxd4 Bxd4 33. Re1 Qxh4 34. g3 Qxg3+ 35. Bg2 Qxf2+ 36. Qxf2 Rxe1+ 37. Bf1 Bxf2+ 38. Kxf2 Rb1 39. Bf4 Rxb2+ 40. Ke1 a4 41. Bxd6 a3 42. Be5 Rb1+ 43. Kf2 a2 44. d6 Nc6 45. d7 a1=Q 46. Bxa1 Rxa1 47. Bb5 Nd8 48. Ke3 Kf8 49. Ke4 Ke7 50. Kd5 h5 51. Kxc5 Ra5 52. Kb6 Rxb5+ 53. Kxb5 Kxd7 54. Kc4 h4 55. Kd3 h3 56. Ke3 h2 57. Kf3 h1=Q+ 58. Kf4 Qh5 59. Ke3 Qg4 60. Kf2 Ne6 0-1


[Site "https://www.chess.com"]

[Event "Titled Tuesday Blitz December 20 Early 2022"]
[White "MathiasWomacka"]
[Black "Hanfin, Zahra Chumaira Amelia"]
[BlackFideId "7111983"]
[WhiteElo "2562"]
[BlackElo "2062"]
[Result "1-0"]
[Round "08"]
[TimeControl "180+2"]
[Date "2022.12.20"]
[WhiteClock "0:01:58"]
[BlackClock "0:01:43"]

1. e4 c5 2. Nf3 d6 3. d4 cxd4 4. Nxd4 Nf6 5. Nc3 Nc6 6. Be2 e5 7. Nf3 h6 8. O-O Be7 9. Re1 O-O 10. h3 Be6 11. Bf1 a6 12. Nd5 Bxd5 13. exd5 Nb8 14. c4 Nbd7 15. Be3 Rc8 16. b4 Re8 17. Nd2 b5 18. a4 bxc4 19. Nxc4 Rb8 20. Na5 Qc7 21. Rc1 Qd8 22. Nc6 1-0


[Site "https://www.chess.com"]

[Event "Titled Tuesday Blitz December 20 Early 2022"]
[White "McCarthyStone"]
[Black "Borges Matos, Juan"]
[BlackFideId "3500160"]
[WhiteElo "2471"]
[BlackElo "2409"]
[Result "1-0"]
[Round "08"]
[TimeControl "180+2"]
[Date "2022.12.20"]
[WhiteClock "0:02:02"]
[BlackClock "0:00:14"]

1. e4 e6 2. b3 d5 3. Bb2 dxe4 4. Nc3 Nf6 5. g4 h6 6. Bg2 Bc5 7. Qe2 Nc6 8. Nxe4 Nxe4 9. Qxe4 Bd4 10. c3 Bf6 11. Nf3 Qd5 12. Qe2 Bd7 13. O-O-O O-O-O 14. h3 Qa5 15. d4 Qxa2 16. Kc2 Qa5 17. Ra1 Qb6 18. Nd2 Na5 19. Rxa5 Qxa5 20. Ra1 Qb5 21. Nc4 a6 22. Ra5 Bc6 23. Rxb5 Bxb5 24. Qe3 Rd7 25. Na5 b6 26. Nc6 Re8 27. c4 1-0


[Site "https://www.chess.com"]

[Event "Titled Tuesday Blitz December 20 Early 2022"]
[White "Meri-Arabidze"]
[Black "Bilandani, Vansh"]
[BlackFideId "8511292"]
[WhiteElo "2730"]
[BlackElo "2488"]
[Result "0-1"]
[Round "08"]
[TimeControl "180+2"]
[Date "2022.12.20"]
[WhiteClock "0:00:07"]
[BlackClock "0:00:11"]

1. Nf3 d5 2. c4 c6 3. g3 Nf6 4. Bg2 Bf5 5. O-O e6 6. Nc3 h6 7. b3 Nbd7 8. e3 Bd3 9. Re1 dxc4 10. bxc4 Bxc4 11. d4 Bb4 12. Bd2 Qa5 13. Rc1 O-O 14. Qc2 Nd5 15. Ne4 b5 16. Nd6 N7b6 17. a3 Bxd2 18. Nxd2 Qxa3 19. N6xc4 Nxc4 20. Nxc4 bxc4 21. Qxc4 Rfc8 22. Ra1 Qd6 23. e4 Nb6 24. Qc5 Rd8 25. Red1 Qxc5 26. dxc5 Nc4 27. Rdc1 Ne5 28. f4 Nd3 29. Rc3 a5 30. e5 Nb4 31. h4 h5 32. Ra4 Rd1+ 33. Kh2 Rd2 34. Kh3 Ra2 35. Rxa2 Nxa2 36. Bxc6 Nxc3 37. Bxa8 Kf8 38. Bc6 Ke7 39. g4 hxg4+ 40. Kxg4 a4 41. Bxa4 Nxa4 42. c6 Nb6 43. f5 exf5+ 44. Kxf5 Nd5 45. h5 Nc7 46. Kg5 Ne6+ 47. Kf5 Nd4+ 48. Kg5 Nxc6 49. Kf5 Nd4+ 50. Kg5 Ke6 51. Kf4 Nc6 0-1


[Site "https://www.chess.com"]

[Event "Titled Tuesday Blitz December 20 Early 2022"]
[White "Misanik, Peter"]
[Black "Legendinunknown"]
[WhiteFideId "14921421"]
[WhiteElo "1785"]
[BlackElo "2731"]
[Result "1-0"]
[Round "08"]
[TimeControl "180+2"]
[Date "2022.12.20"]
[WhiteClock "0:00:36"]
[BlackClock "0:00:16"]

1. d4 Nf6 2. c4 g6 3. Nc3 Bg7 4. e4 d6 5. Be2 O-O 6. Be3 e5 7. d5 Na6 8. Nf3 Ng4 9. Bg5 f6 10. Bh4 Nh6 11. Nd2 Qe8 12. f3 c5 13. dxc6 bxc6 14. Nb3 Nf7 15. Bf2 c5 16. Nb5 Qe7 17. Qd2 Nc7 18. Rd1 Nxb5 19. cxb5 Be6 20. Na5 Qc7 21. a4 f5 22. Nc6 a6 23. O-O axb5 24. axb5 Bh6 25. Qc3 fxe4 26. fxe4 Ra4 27. Bd3 Ng5 28. Rfe1 Kg7 29. Bg3 Nf7 30. Kh1 Rfa8 31. Rf1 Be3 32. b3 Bd4 33. Nxd4 Rxd4 34. Ra1 Rxa1 35. Rxa1 Qb7 36. Ra4 Ng5 37. Rxd4 exd4 38. Qc2 Nf7 39. h3 d5 40. Qxc5 dxe4 41. Qxd4+ Kg8 42. Qxe4 Qb6 43. Bc4 Ng5 44. Qc6 Qe3 45. Kh2 Kg7 46. Qc7+ Kh6 47. Qf4 Qb6 48. Qh4+ 1-0


[Site "https://www.chess.com"]

[Event "Titled Tuesday Blitz December 20 Early 2022"]
[White "MusicCityMaster"]
[Black "lemayvega"]
[WhiteElo "2329"]
[BlackElo "2529"]
[Result "0-1"]
[Round "08"]
[TimeControl "180+2"]
[Date "2022.12.20"]
[WhiteClock "0:00:42"]
[BlackClock "0:00:11"]

1. e4 c5 2. Nf3 Nc6 3. d3 g6 4. g3 Bg7 5. Bg2 d6 6. O-O Nf6 7. Re1 Bg4 8. Nbd2 O-O 9. h3 Bxf3 10. Nxf3 Nd7 11. c3 Rb8 12. d4 cxd4 13. cxd4 Qb6 14. d5 Nce5 15. Rb1 Rfc8 16. Be3 Qa6 17. a3 Rc7 18. Nd4 b5 19. Bf1 Nc4 20. Nc6 Rxc6 21. dxc6 Qxc6 22. Bxa7 Rc8 23. Bd4 Nde5 24. Rc1 Qb7 25. Bg2 Qd7 26. f4 Nc6 27. Bxg7 Kxg7 28. Kh2 Nxb2 29. Qb3 Nc4 30. Qxb5 N6e5 31. Qxd7 Nxd7 32. Bf1 Ncb6 33. Rxc8 Nxc8 34. a4 Nc5 35. a5 Na7 36. Rb1 Kf6 37. Rb7 Nxb7 38. g4 Nc5 39. Kg3 e5 40. g5+ Ke7 41. f5 gxf5 42. exf5 d5 43. Kf3 f6 44. g6 hxg6 45. fxg6 Kf8 46. h4 Kg7 47. h5 Kh6 48. Bh3 Nc6 49. a6 Nxa6 50. Be6 Nd4+ 51. Kg4 Nxe6 52. Kh4 Ng7 53. Kg4 Nc5 54. Kh4 Nce6 55. Kg4 Ng5 56. Kh4 d4 57. Kg4 Nxh5 58. Kf5 d3 59. g7 Nxg7+ 60. Kxf6 d2 61. Ke7 d1=Q 62. Kf8 e4 63. Kg8 e3 64. Kh8 Qd8# 0-1


[Site "https://www.chess.com"]

[Event "Titled Tuesday Blitz December 20 Early 2022"]
[White "Najdoski, Toni"]
[Black "Alex_Sahakyan2006"]
[WhiteFideId "15001334"]
[WhiteElo "2598"]
[BlackElo "2611"]
[Result "0-1"]
[Round "08"]
[TimeControl "180+2"]
[Date "2022.12.20"]
[WhiteClock "0:01:23"]
[BlackClock "0:02:08"]

1. e4 d5 2. exd5 Qxd5 3. Nc3 Qd8 4. Nf3 Nf6 5. Bc4 Bf5 6. d3 e6 7. O-O Bd6 8. h3 O-O 9. Re1 c6 10. Ne2 Nbd7 11. Bf4 Bxf4 12. Nxf4 Nd5 13. Nh5 N7f6 14. Ng3 Bg6 15. Ne5 Qb6 16. Qd2 Rad8 17. a4 a5 18. Nxg6 hxg6 19. c3 Qc5 20. Rad1 Nb6 21. Bb3 Rd7 22. d4 Qd6 23. Bc2 Rfd8 24. Qg5 Nc4 25. b3 Na3 26. Bd3 b6 27. h4 c5 28. h5 gxh5 29. Nxh5 Nxh5 30. Qxh5 g6 31. Bxg6 fxg6 32. Qxg6+ Rg7 33. Qxe6+ Qxe6 34. Rxe6 cxd4 35. cxd4 Nc2 36. Rxb6 Nxd4 37. Re1 Nf3+ 38. Kf1 Nxe1 39. Kxe1 Re7+ 0-1


[Site "https://www.chess.com"]

[Event "Titled Tuesday Blitz December 20 Early 2022"]
[White "Nakamura, Hikaru"]
[Black "TigrVShlyape"]
[WhiteFideId "2016192"]
[WhiteElo "2775"]
[BlackElo "2914"]
[Result "1-0"]
[Round "08"]
[TimeControl "180+2"]
[Date "2022.12.20"]
[WhiteClock "0:00:53"]
[BlackClock "0:00:01"]

1. g3 Nf6 2. Bg2 d5 3. Nf3 g6 4. d3 Bg7 5. Nbd2 O-O 6. e4 c5 7. O-O Nc6 8. Re1 b6 9. e5 Ne8 10. c3 f6 11. exf6 Nxf6 12. Nf1 a5 13. h3 a4 14. d4 e6 15. Be3 a3 16. b3 Ne4 17. Rc1 Ba6 18. N1d2 cxd4 19. Nxd4 Nxd4 20. cxd4 Nd6 21. Nf3 Ne4 22. Ne5 Rc8 23. Qg4 Qd6 24. Bxe4 dxe4 25. Qxe4 Bb5 26. Nc4 Qc6 27. Qxc6 Rxc6 28. Nxa3 Rxc1 29. Rxc1 Bd3 30. Rd1 Be4 31. Nb5 Ra8 32. Rc1 Bf8 33. a4 1-0


[Site "https://www.chess.com"]

[Event "Titled Tuesday Blitz December 20 Early 2022"]
[White "Narayanan, Srinath"]
[Black "Dela Cruz, Noel"]
[WhiteFideId "5018420"]
[BlackFideId "5207649"]
[WhiteElo "2559"]
[BlackElo "2241"]
[Result "1-0"]
[Round "08"]
[TimeControl "180+2"]
[Date "2022.12.20"]
[WhiteClock "0:00:08"]
[BlackClock "0:00:04"]

1. d4 Nf6 2. c4 e6 3. Nf3 d5 4. g3 Be7 5. Bg2 O-O 6. O-O dxc4 7. Qc2 a6 8. a4 Bd7 9. Qxc4 Bc6 10. Bg5 Nbd7 11. Nc3 a5 12. Rfd1 h6 13. Bxf6 Nxf6 14. Qb3 Qd6 15. Ne5 Bxg2 16. Kxg2 Qb4 17. Qc2 c6 18. e3 Rfd8 19. Ra3 Qb6 20. Rb3 Qc7 21. Ne4 Nd5 22. Nd3 Nb4 23. Nxb4 axb4 24. Rbd3 Qa5 25. b3 e5 26. dxe5 Rxd3 27. Rxd3 Qxe5 28. Rd7 Rb8 29. Qc4 b5 30. axb5 cxb5 31. Qc6 Bf8 32. Nd2 Re8 33. Rd5 Qe6 34. Qxe6 Rxe6 35. Rxb5 Rd6 36. Ne4 Rd3 37. Rb8 Rd5 38. g4 f6 39. Kf3 h5 40. h3 hxg4+ 41. hxg4 Kf7 42. Ke2 Be7 43. Rb7 Kf8 44. f4 g6 45. Nd2 Ra5 46. Nf3 Ra2+ 47. Kd3 Rg2 48. Nd4 Rxg4 49. Nc6 Bd6 50. Rd7 Bc5 51. Rd5 Bb6 52. Rb5 Bc7 53. Rb7 Bd6 54. Rd7 Bc5 55. Rd8+ Kf7 56. Rd5 Bf8 57. Rd7+ Ke6 58. Rb7 Bc5 59. Rb5 Kd6 60. Na5 g5 61. Nb7+ Kc6 62. Rxc5+ Kxb7 63. Rf5 gxf4 64. exf4 Kc6 65. Rxf6+ Kd5 66. Rf5+ Ke6 67. Re5+ Kd6 68. Re4 Kc5 69. Rc4+ Kb5 70. Re4 Kc5 71. f5 Rg3+ 72. Re3 Rg1 73. Rf3 Kd6 74. f6 Rg8 75. f7 Rf8 76. Kc4 Ke6 77. Kxb4 Ke5 78. Kc5 Ke4 79. Rf1 1-0


[Site "https://www.chess.com"]

[Event "Titled Tuesday Blitz December 20 Early 2022"]
[White "Nenezic, Marko"]
[Black "supertfc"]
[WhiteFideId "912123"]
[WhiteElo "2514"]
[BlackElo "2268"]
[Result "1-0"]
[Round "08"]
[TimeControl "180+2"]
[Date "2022.12.20"]
[WhiteClock "0:00:04"]
[BlackClock "0:00:01"]

1. d4 Nf6 2. Nf3 d5 3. g3 g6 4. Bg2 Bg7 5. O-O O-O 6. c4 c6 7. b3 dxc4 8. bxc4 c5 9. e3 Nc6 10. Bb2 Qb6 11. Qb3 Ne4 12. Nc3 Nxc3 13. Bxc3 Na5 14. Bxa5 Qxa5 15. Rac1 Qa6 16. Ne5 Bxe5 17. dxe5 Rb8 18. f4 Be6 19. a4 Rfd8 20. Bd5 Bd7 21. Ra1 e6 22. Bf3 Bc6 23. Bxc6 Qxc6 24. Rad1 b6 25. Kf2 Qe4 26. Rxd8+ Rxd8 27. Rd1 Qa8 28. Rxd8+ Qxd8 29. Ke2 Qa8 30. Kf2 Qh1 31. Qb5 Qxh2+ 32. Kf3 Qh1+ 33. Kf2 Qa8 34. Qd7 Qb8 35. Qe7 Qc8 36. Qxa7 Qc6 37. Qb8+ Kg7 38. Qd8 Qxa4 39. Qf6+ Kf8 40. Qd8+ Qe8 41. Qd6+ Qe7 42. Qxb6 Kg7 43. Qb8 h5 44. Qd6 1-0


[Site "https://www.chess.com"]

[Event "Titled Tuesday Blitz December 20 Early 2022"]
[White "Oleksandr_Bortnyk"]
[Black "Goryachkina, Aleksandra"]
[BlackFideId "4147103"]
[WhiteElo "2984"]
[BlackElo "2571"]
[Result "1-0"]
[Round "08"]
[TimeControl "180+2"]
[Date "2022.12.20"]
[WhiteClock "0:00:23"]
[BlackClock "0:00:02"]

1. e4 c5 2. c3 Nf6 3. e5 Nd5 4. d4 cxd4 5. Nf3 e6 6. cxd4 d6 7. Bc4 Be7 8. O-O O-O 9. Qe2 a6 10. Nbd2 b5 11. Bd3 Bb7 12. Ne4 dxe5 13. dxe5 Nd7 14. Rd1 Qb6 15. Bg5 Bxg5 16. Nexg5 h6 17. Qe4 g6 18. Qh4 Kg7 19. Ne4 Rfd8 20. Rac1 Rac8 21. Rxc8 Bxc8 22. a3 Bb7 23. Rc1 b4 24. a4 a5 25. Bb5 Rc8 26. Re1 Rc7 27. Nd6 1-0


[Site "https://www.chess.com"]

[Event "Titled Tuesday Blitz December 20 Early 2022"]
[White "Ong, Chong Ghee"]
[Black "Paspuel, Trosky"]
[WhiteFideId "5800145"]
[BlackFideId "3602150"]
[WhiteElo "2307"]
[BlackElo "1721"]
[Result "0-1"]
[Round "08"]
[TimeControl "180+2"]
[Date "2022.12.20"]
[WhiteClock "0:00:01"]
[BlackClock "0:00:05"]

1. d4 Nf6 2. Bg5 d5 3. Bxf6 gxf6 4. e3 c5 5. c3 Nc6 6. g3 e5 7. Ne2 Qb6 8. Qb3 Be6 9. Bg2 O-O-O 10. Qxb6 axb6 11. Nd2 c4 12. b3 cxb3 13. axb3 Kb8 14. O-O Rc8 15. Rfc1 Na5 16. f4 Bd6 17. b4 Nc4 18. Nxc4 Rxc4 19. Ra3 Rhc8 20. Rca1 Kc7 21. Ra8 Rxa8 22. Rxa8 Bg4 23. Bf1 Bxe2 24. Bxe2 Rxc3 25. Rh8 Rxe3 26. Kf2 exd4 27. Rxh7 Bxb4 28. Rxf7+ Be7 29. h4 Kd8 30. Bf3 Ke8 31. Bxd5 b5 32. Rh7 b4 33. Bxb7 b3 34. Rh8+ Kf7 35. Rb8 b2 36. Bd5+ Kg7 37. Rxb2 Bc5 38. Rb7+ Kf8 0-1


[Site "https://www.chess.com"]

[Event "Titled Tuesday Blitz December 20 Early 2022"]
[White "OparinGrigoriy"]
[Black "Sam_ChessMood"]
[WhiteElo "3013"]
[BlackElo "2882"]
[Result "1/2-1/2"]
[Round "08"]
[TimeControl "180+2"]
[Date "2022.12.20"]
[WhiteClock "0:00:13"]
[BlackClock "0:00:08"]

1. d4 Nf6 2. c4 e6 3. Nf3 d5 4. g3 dxc4 5. Bg2 a6 6. Ne5 Bb4+ 7. Nc3 Nd5 8. O-O O-O 9. Nxc4 Nxc3 10. bxc3 Bxc3 11. Rb1 Bxd4 12. Qc2 Qf6 13. Ba3 Re8 14. e3 Ba7 15. Rfd1 Nc6 16. Bxc6 bxc6 17. Na5 e5 18. Qxc6 Bg4 19. Qxf6 gxf6 20. Rdc1 Bb6 21. Nc4 Rab8 22. Nxb6 Rxb6 23. Rxb6 cxb6 24. Rc6 Re6 25. Rd6 Bf3 26. Rxe6 fxe6 27. Bd6 Kf7 28. a3 h5 29. Kf1 Kg6 30. Be7 Kf5 31. Ke1 b5 32. Bd8 e4 33. Kd2 Kg4 34. Bxf6 Kh3 35. Be5 Bg4 36. Bc7 Kxh2 37. Ke1 Kg2 38. Bb6 Kf3 39. Bc7 Bf5 40. Bb6 Bg6 41. Bc7 Be8 42. Bb6 Bc6 43. Bc7 Bd5 44. Bb6 Bc4 45. Bc7 Kg4 46. Kd2 Kf5 47. Kc3 Kg4 48. Kd2 Kf3 49. Ke1 Bd3 50. Bb6 Bc4 51. Bc7 1/2-1/2


[Site "https://www.chess.com"]